 Dungeon Crawl Stone Soup version 0.26-a0-53-g45f243fec8 (webtiles) character file.

Game seed: 8600675010279830678

89 MarredHen the Stinger (level 4, -6/32 HPs)
             Began as a Gnoll Venom Mage on June 7, 2020.
             Killed from afar by an orc (12 damage)
             ... with an exploding inner flame
             ... hexed by the player character
             ... on level 3 of the Dungeon.
             The game lasted 00:02:58 (2049 turns).

MarredHen the Stinger (Gnoll Venom Mage)            Turns: 2049, Time: 00:02:59

Health: -6/32      AC:  3    Str: 11    XL:     4   Next: 55%
Magic:  9/11       EV: 15    Int: 18    God:
Gold:   96         SH:  0    Dex: 15    Spells: 12/13 levels left

rFire    . . .     SeeInvis .   e - +0 dagger
rCold    + . .     Gourm    .   (no shield)
rNeg     . . .     Faith    .   a - +0 robe
rPois    .         Spirit   .   (no helmet)
rElec    .         Reflect  .   (no cloak)
rCorr    .         Harm     .   k - +0 pair of gloves
MR       .....                  (no boots)
Stlth    +++.......             (no amulet)
HPRegen  0.10/turn              j - ring of protection from cold
MPRegen  0.12/turn              (no ring)

@: no status effects
A: distributed training, fangs 1, strong nose
a: no special abilities


You were on level 3 of the Dungeon.
You were not hungry.

You visited 1 branch of the dungeon, and saw 3 of its levels.

You collected 96 gold pieces.

Inventory:

Hand Weapons
 e - a +0 dagger (weapon)
Armour
 a - a +0 robe (worn)
 k - a +0 pair of gloves (worn)
Jewellery
 d - an uncursed amulet of magic regeneration {unknown}
 j - a ring of protection from cold (left hand)
Wands
 b - a wand of disintegration (8)
Potions
 f - a potion of magic {unknown}
 g - a potion of stabbing {unknown}
 h - a potion of cancellation {unknown}
 n - a potion of ambrosia {unknown}
Comestibles
 c - 5 rations


   Skills:
 + Level 1.1 Fighting
 + Level 1.1 Short Blades
 + Level 1.1 Long Blades
 + Level 1.1 Axes
 + Level 1.1 Maces & Flails
 + Level 1.1 Polearms
 + Level 1.1 Staves
 + Level 1.1 Slings
 + Level 1.1 Bows
 + Level 1.1 Crossbows
 + Level 1.1 Throwing
 + Level 1.1 Armour
 + Level 4.6 Dodging
 + Level 4.2 Stealth
 + Level 1.1 Shields
 + Level 1.1 Unarmed Combat
 + Level 5.1 Spellcasting
 + Level 0.9 Conjurations
 + Level 0.9 Hexes
 + Level 0.9 Charms
 + Level 0.9 Summonings
 + Level 0.9 Necromancy
 + Level 0.9 Translocations
 + Level 2.2 Transmutations
 + Level 0.9 Fire Magic
 + Level 0.9 Ice Magic
 + Level 0.9 Air Magic
 + Level 0.9 Earth Magic
 + Level 5.4 Poison Magic
 + Level 1.2 Invocations
 + Level 1.1 Evocations


You had 12 spell levels left.
You knew the following spells:

 Your Spells              Type           Power        Failure   Level  Hunger
a - Sting                 Tmut/Pois      ###.         2%          1    None

Your spell library contained the following spells:

 Spells                   Type           Power        Failure   Level  Hunger
 Poisonous Vapours        Pois/Air       ###...       5%          2    #......
 Ignite Poison            Fire/Tmut/Pois ###.....     12%         3    ##.....
 Mephitic Cloud           Conj/Pois/Air  ##......     14%         3    ##.....
 Olgreb's Toxic Radiance  Pois           ###.....     14%         4    ####...


Dungeon Overview and Level Annotations

Branches:
Dungeon (3/15)

Altars:
Nemelex Xobeh


Innate Abilities, Weirdness & Mutations

Your experience applies equally to all skills.
You have very sharp teeth.
Your uncanny sense of smell can sniff out nearby items.


Message History

The orc is heavily wounded.
The orc misses you. The orc wizard barely misses you.
A hobgoblin comes into view. It is wielding a +0 club.
The orc is engulfed in blazing flames.
The orc explodes!
The fiery explosion engulfs the orc!!!
The orc explodes!
The fiery explosion engulfs the orc wizard!!!
The orc wizard explodes!
The fiery explosion engulfs the orc!
The orc explodes!
The fiery explosion engulfs the adder!!
The adder explodes!
The fiery explosion engulfs you!!
Ouch! That really hurt!
* * * LOW HITPOINT WARNING * * *
The fiery explosion engulfs the orc!!
The orc explodes!
The fiery explosion engulfs you!
You die...

#. #. #.
#§# $.##
.§##
..oo§#§§#
#§§○§###g#
#@§§..#
#######


You could see 2 orcs and a hobgoblin.

Vanquished Creatures
  3 adders
  A worm (D:2)
  4 dart slugs
  A leopard gecko (D:1)
  2 orcs (D:3)
  7 bats
  3 giant cockroaches
  4 goblins
  6 hobgoblins
  5 jackals (D:2)
  A kobold (D:1)
  A quokka (D:2)
  4 frilled lizards
  3 rats (D:1)
45 creatures vanquished.

Notes
Turn   | Place    | Note
-------+----------+-------------------------------------------
     0 | D:1      | MarredHen the Gnoll Venom Mage began the quest for the Orb.
     0 | D:1      | Reached XP level 1. HP: 13/13 MP: 6/6
   130 | D:1      | Reached XP level 2. HP: 17/19 MP: 0/7
   583 | D:1      | Reached XP level 3. HP: 23/25 MP: 5/9
   756 | D:1      | Reached skill level 5 in Spellcasting
  1190 | D:2      | Reached skill level 1 in Invocations
  1314 | D:2      | Reached skill level 1 in Fighting
  1314 | D:2      | Reached skill level 1 in Short Blades
  1314 | D:2      | Reached skill level 1 in Long Blades
  1314 | D:2      | Reached skill level 1 in Axes
  1314 | D:2      | Reached skill level 1 in Maces & Flails
  1314 | D:2      | Reached skill level 1 in Polearms
  1314 | D:2      | Reached skill level 1 in Staves
  1314 | D:2      | Reached skill level 1 in Slings
  1314 | D:2      | Reached skill level 1 in Bows
  1314 | D:2      | Reached skill level 1 in Crossbows
  1314 | D:2      | Reached skill level 1 in Throwing
  1314 | D:2      | Reached skill level 1 in Armour
  1314 | D:2      | Reached skill level 1 in Shields
  1314 | D:2      | Reached skill level 1 in Unarmed Combat
  1314 | D:2      | Reached skill level 1 in Evocations
  1442 | D:2      | Reached XP level 4. HP: 32/32 MP: 8/11
  1539 | D:2      | Found a sparkling altar of Nemelex Xobeh.
  2049 | D:3      | Killed from afar by an orc

Illustrated notes

Levels and vault maps discovered:
D:1:      beargit_arrival_greenhouse, layout_loops_ring, minmay_misc_feat_chi,
          minmay_pentomino_q2
D:2:      layout_rooms, nicolae_overflow_hidden_temple
D:3:      layout_loops_ring, first_ration, kennysheep_doodads,
          nicolae_ru_great_annihilating_truth

Skill      XL: |  1  2  3 |
---------------+----------+-----
Transmutations | 2 |  2.2
Spellcasting   | 5 |  5.1
Invocations    | 1 |  1.2
Fighting       | 1 |  1.1
Short Blades   | 1 |  1.1
Long Blades    | 1 |  1.1
Axes           | 1 |  1.1
Maces & Flails | 1 |  1.1
Polearms       | 1 |  1.1
Staves         | 1 |  1.1
Slings         | 1 |  1.1
Bows           | 1 |  1.1
Crossbows      | 1 |  1.1
Throwing       | 1 |  1.1
Armour         | 1 |  1.1
Shields        | 1 |  1.1
Unarmed Combat | 1 |  1.1
Evocations     | 1 |  1.1
Dodging        | |  4.6
Stealth        | |  4.2
Conjurations   | |  0.9
Hexes          | |  0.9
Charms         | |  0.9
Summonings     | |  0.9
Necromancy     | |  0.9
Translocations | |  0.9
Fire Magic     | |  0.9
Ice Magic      | |  0.9
Air Magic      | |  0.9
Earth Magic    | |  0.9
Poison Magic   | |  5.4

Action                   |  1- 3 |  4- 6 || total
-------------------------+-------+-------++-------
Melee: Unarmed           |    15 |       ||    15
       Dagger            |    18 |     1 ||    19
 Cast: Sting             |    65 |    21 ||    86
  Use: Scroll            |     3 |     3 ||     6
  Eat: Chunk             |     1 |     2 ||     3
Armor: Robe              |     9 |     4 ||    13
Dodge: Dodged            |    46 |    12 ||    58

Table legend:
 A = Non-vault XP
 B = Vault XP
 C = Vault XP percentage of total XP
 D = Non-vault monster count
 E = Vault monster count
 F = Vault count percentage of total count
                 A         B        C        D         E       F
            +---------+---------+-------+---------+---------+-------
      Total |     123 |       5 |   3.9 |      43 |       2 |   4.4
            +---------+---------+-------+---------+---------+-------
        D:1 |      36 |       5 |  12.2 |      19 |       2 |   9.5
        D:2 |      68 |       0 |   0.0 |      21 |       0 |   0.0
        D:3 |      19 |       0 |   0.0 |       3 |       0 |   0.0
            +---------+---------+-------+---------+---------+-------
